[Event "39th Muensterland Open 2022"]
[Site "Muenster"]
[Date "2022.10.03"]
[Round "3.4"]
[White "Ollenberger, Roland"]
[Black "Koellner, Christof"]
[Result "1-0"]
[ECO "C22"]
[WhiteElo "2256"]
[BlackElo "2058"]
[Annotator "NA RC"]
[PlyCount "75"]
[EventDate "2022.10.01"]
[EventType "swiss"]
[EventCountry "GER"]
[SourceTitle "playchess.com"]
[Source "ChessBase"]
[SourceQuality "1"]
[TimeControl "40/5400+30:1800+30"]

1. e4 e5 2. d4 exd4 3. Qxd4 Nc6 4. Qe3 d6 5. Bd2 Be7 6. Nc3 $1 Nf6 7. f3 (7. O-O-O $14) 7... Be6 8. Bb5 ({White should try} 8. Nge2 $14) 8... O-O 9. Bxc6 bxc6 10. Nge2 Nd7 (10... d5 {feels stronger.}) 11. Nd4 Ne5 12. f4 Ng4 13. Qe2 Bd7 14. O-O-O Nf6 15. Rhg1 c5 16. Nf3 Bc6 17. g4 Re8 18. g5 Nd7 19. h4 Bf8 20. Qd3 Qb8 21. Nd5 Bxd5 22. exd5 Nb6 23. g6 hxg6 {[%emt 0:00:00] [#]} (23... fxg6 $142 24. c4 Qc8) 24. h5 $1 c4 $18 (24... Na4 $2 25. b3 c4 26. Qxc4 $18) 25. Qd4 Be7 26. hxg6 Bf6 27. gxf7+ Kxf7 28. Ng5+ Kf8 29. Nh7+ Kf7 30. Nxf6 gxf6 31. Bc3 Qd8 32. Rh1 Rh8 33. Qe4 Qe8 34. Rh7+ Rxh7 35. Qxh7+ Kf8 36. Qh8+ Ke7 37. Bxf6+ Kd7 38. Qh3+ 1-0

[Event "39th Muensterland Open 2022"]
[Site "Muenster"]
[Date "2022.10.03"]
[Round "3.5"]
[White "Schroeder, Lennart"]
[Black "Sandkamp, Ralph"]
[Result "0-1"]
[ECO "A49"]
[WhiteElo "2031"]
[BlackElo "2241"]
[Annotator "TA"]
[PlyCount "40"]
[EventDate "2022.10.01"]
[EventType "swiss"]
[EventCountry "GER"]
[SourceTitle "playchess.com"]
[Source "ChessBase"]
[SourceQuality "1"]
[TimeControl "40/5400+30:1800+30"]

1. Nf3 Nf6 2. g3 g6 3. b3 Bg7 4. Bb2 O-O 5. Bg2 d6 6. d4 c5 7. O-O cxd4 8. Nxd4 d5 9. c4 e5 {[%emt 0:03:03] A49: 1 d4 Nf6 2 Nf3 g6 3 g3: Anti-King's Indian systems.} 10. Nc2 d4 11. f4 Nc6 {[%emt 0:01:41] The position is equal.} 12. fxe5 Ng4 13. Bxc6 (13. Qd2 $11) 13... bxc6 $15 14. Bxd4 {[%emt 0:03:22][%cal Oe5e6] [#]} Qe7 $146 (14... Nxe5 $5 15. Nc3 Bf5 $15) ({Predecessor:} 14... Bf5 15. e4 Be6 16. Qe2 Nxe5 17. Nd2 Qa5 18. Qe3 Bh3 19. b4 Qc7 20. Rfe1 a5 {0-1 (42) Deforel,J (2251)-Leal,D (2337) ICCF email 2007}) 15. Nd2 (15. e6 $1 $11) 15... Rd8 {[%emt 0:02:13] ...c5 is the strong threat.} 16. Qc1 {[%emt 0:06:18] [#]} (16. c5 $17 {keeps fighting.}) 16... Bh6 $1 $19 {[%emt 0:09:54][%cal Bg7h6,Bh6e3,Be3d4][%mdl 32] Strongly threatening ...Bb7.} 17. Rd1 $2 {[%emt 0:05:38] [#]} (17. e3) 17... Rxd4 $1 {[%emt 0:02:32][%mdl 576] Remove Defender, Deflection, Decoy. Black is clearly winning.} 18. Nxd4 Be3+ 19. Kg2 Bxd4 {[%emt 0:00:12] This bishop pair is nice.} 20. Rb1 Ne3+ {[%emt 0:00:30] Weighted Error Value: White=1.04/Black=0.05 (flawless)} 0-1

[Event "39th Muensterland Open 2022"]
[Site "Muenster"]
[Date "2022.10.03"]
[Round "3.6"]
[White "Quinones-Maletti, Julio Guillermo"]
[Black "Schmitzer, Klaus"]
[Result "1-0"]
[ECO "B12"]
[WhiteElo "2020"]
[BlackElo "2241"]
[Annotator "TA"]
[PlyCount "67"]
[EventDate "2022.10.01"]
[EventType "swiss"]
[EventCountry "GER"]
[SourceTitle "playchess.com"]
[Source "ChessBase"]
[SourceQuality "1"]
[TimeControl "40/5400+30:1800+30"]

1. e4 c6 2. d4 d5 3. e5 Bf5 4. h4 h5 5. Bg5 Qb6 6. Bd3 {[%emt 0:00:10] B12: Caro-Kann: Advance Variation.} Bxd3 ({Of course not} 6... Qxb2 $6 7. Nd2 Bxd3 8. cxd3 $17) (6... Qxd4 $5 7. Nf3 Qg4 $15) 7. Qxd3 {[%emt 0:00:11][%cal Oe5e6] Hoping for e6!} Qxb2 8. e6 {[%emt 0:03:02][%cal Og1f3] The position is equal.} fxe6 $2 {[%emt 0:13:11] [#]} (8... Qxa1 9. Qb3 b5 10. Nf3 $17) (8... f6 $11 9. Qc3 Qxc3+ 10. Nxc3 fxg5 11. hxg5 Na6) 9. Nf3 $1 $16 Nd7 10. O-O $1 {[%emt 0:08:31][%mdl 1024] aiming for Nbd2. White has strong compensation.} e5 $2 {[%emt 0:06:26][%mdl 8192] [#]} ({Black should play} 10... Qxa1 $14 11. Qb3 O-O-O) 11. Qg6+ $1 $18 Kd8 12. Nbd2 {[%emt 0:00:20] Threatens to win with Rab1.} e4 (12... Kc7 $142 13. dxe5 Qc3) 13. Rab1 {[%emt 0:07:11][%cal Ba1b1,Bb1b3,Bb3b7][%mdl 96] Skewer} ({And not} 13. Rfb1 Qc3 $11) 13... Qc3 14. Rb3 Qxc2 15. Rxb7 {[%emt 0:10:29] White wants to mate with Qd6.} Ngf6 16. Ne5 {[%emt 0:02:45][%cal Ob7d7,Bf3e5,Be5f7,Bf7d6][%mdl 32] [#] Intending Rxd7+! and mate.} Rh6 $146 ({Predecessor:} 16... Nxe5 17. dxe5 {1-0 (16) Draskovic,L (2282)-Soysal,S (2114) Al Ain 2013}) 17. Qf5 Nb6 18. Qe6 Rc8 19. Nf7+ Ke8 20. Nd6+ Kd8 21. Qf7 (21. Bxh6 $142 gxh6 22. Nf7+ Ke8 {[#]} 23. Rxb6 $1 Ra8 24. Nd6+ Kd8 25. Rb7 Qa4 26. Qf7) 21... Rc7 22. Qxf8+ Kd7 23. Rxc7+ Kxc7 24. Qxe7+ Nfd7 25. Bf4 Rg6 26. N6xe4+ {[%emt 0:00:22] White mates.} Kc8 27. Qe8+ Kb7 28. Qxg6 dxe4 29. Nxe4 Qxa2 30. Nc5+ Nxc5 31. dxc5 Nd5 32. Rb1+ Ka6 33. Qd3+ Ka5 34. Bd2+ {[%emt 0:00:12] Weighted Error Value: White=0.16 (very precise) /Black=1.69} 1-0

[Event "39th Muensterland Open 2022"]
[Site "Muenster"]
[Date "2022.10.03"]
[Round "3.7"]
[White "Goldschmidt, Christian"]
[Black "Gallasch, Robin"]
[Result "1/2-1/2"]
[ECO "B13"]
[WhiteElo "2226"]
[BlackElo "2021"]
[Annotator "TA"]
[PlyCount "134"]
[EventDate "2022.10.01"]
[EventType "swiss"]
[EventCountry "GER"]
[SourceTitle "playchess.com"]
[Source "ChessBase"]
[SourceQuality "1"]
[TimeControl "40/5400+30:1800+30"]

1. e4 c6 2. d4 d5 3. exd5 cxd5 4. c4 Nf6 5. Nc3 Nc6 6. Bg5 Be6 7. Be2 {[%emt 0:00:29] The modern move.} Qa5 {[%emt 0:00:31] B13: Caro-Kann: Exchange Variation and Panov-Botvinnik Attack.} (7... dxc4 8. Bxf6 exf6 9. d5) (7... dxc4 $2 8. Bxf6 exf6 9. d5 $18) 8. c5 Ne4 9. Bd2 Nxd2 10. Qxd2 g6 11. Bf3 (11. h3) 11... Bg7 12. Nge2 O-O 13. O-O b6 $36 {[%emt 0:21:20][%mdl 2048] Black is more active.} 14. cxb6 $1 axb6 15. Rfd1 Rfd8 {[%emt 0:01:39] [#]} 16. a4 $146 (16. Rac1 Rac8 17. Qe3 Qb4 18. b3 h5 19. g3 Kh7 20. Bg2 Qd6 21. Qd2 Bg4 22. f3) (16. a3) (16. a3 $11 {keeps the balance.}) ({Predecessor:} 16. Rac1 Rac8 17. Qe3 Qb4 18. b3 h5 19. g3 Kh7 20. Bg2 Qd6 21. Qd2 Bg4 22. f3 {0-1 (66) Hunt,A (2461)-Smolen,J (2327) Sunningdale 2007}) 16... Qb4 (16... Bc8 $17) 17. Qd3 Ra5 (17... Qxb2 18. g4 (18. Rab1 Qa3 $15) 18... Qb4 19. Rab1 $15) 18. g4 (18. Qe3 $15) 18... Bc8 $17 {[%emt 0:03:10] White must now prevent ...e5.} (18... Qxb2 19. Rdb1 (19. Rab1 Qa3) 19... Nb4 20. Qd1 (20. Rxb2 Nxd3 21. Rxb6 g5)) (18... Qxb2 $2 19. Rdb1 (19. Rab1 Qa3 $11) 19... Nb4 20. Qd1 $18 (20. Rxb2 Nxd3 21. Rxb6 h5 $14)) 19. b3 $2 (19. Rac1 $17) 19... Ba6 {[%emt 0:00:56] A strong pair of Bishops.} ({Inferior is} 19... Qxb3 20. Rab1 Qa3 21. Rxb6 $11) 20. Qe3 Bxe2 ({Weaker is} 20... Qxb3 21. Rab1 Qc4 22. Rbc1 $15 (22. Rxb6 e5 $15)) (20... e5 $1 $19 21. Na2 Qf8) 21. Nxe2 e6 (21... e5 $142 22. dxe5 Nxe5) 22. Rac1 Qd6 23. Nc3 $1 Nxd4 (23... Na7) ({Black should play} 23... Na7 $11) 24. Rxd4 $14 Bxd4 25. Qxd4 e5 (25... Rc8) 26. Qd2 {[%emt 0:00:00] White is more active.} e4 (26... Qb4) (26... Qb4 $16 {was worth a try.}) 27. Bg2 $18 Rc5 (27... Qb4 $16 {was necessary.}) 28. Rd1 $1 {[%emt 0:00:00][%cal Oc3e4] aiming for Nxe4!} f5 29. b4 Rxc3 (29... Rcc8) 30. Qxc3 d4 31. Qc4+ Kg7 32. gxf5 gxf5 33. f3 e3 34. Bf1 Kh6 35. Kh1 Qf4 36. Qe6+ Kh5 37. Qf7+ Kh6 38. Be2 (38. Qf6+ $142 Kh5 39. Be2) 38... Rd6 39. Rg1 Rg6 40. Qc4 (40. Qf8+ $142 Kh5 41. Rg3) 40... Rxg1+ 41. Kxg1 Qh4 42. Qd3 (42. Qe6+ $142 Kg7 43. Qe5+ Kf8 44. Qxf5+ Ke7 45. Qe4+ Qxe4 46. fxe4) 42... Qe1+ (42... Kg5 $142 43. Qd1 d3 44. Bxd3 Qxb4) 43. Kg2 Qf2+ 44. Kh3 Kg5 45. Qd1 {[%emt 0:00:00] Hoping for a5.} Qh4+ (45... f4 $142 46. a5 bxa5 47. bxa5 Qh4+ 48. Kg2 Kg6 49. Qc2+ Kf6) 46. Kg2 {[%emt 0:00:00] And now a5 would win.} d3 47. Qxd3 Qf2+ 48. Kh1 Qe1+ 49. Bf1 Kf4 50. Qd6+ Kxf3 51. Qg3+ $4 (51. Qd5+ $18 Kf4 52. Qc4+ Ke5 53. Qb5+ Kf4 54. a5 bxa5 55. bxa5) 51... Qxg3 $19 52. hxg3 Kxg3 $2 {[%emt 0:00:00][%mdl 4096] Endgame KB-KP} (52... Kf2 $19 53. Bb5 h5) 53. a5 $2 (53. Kg1 $11 Kf3 54. a5 bxa5 55. bxa5) 53... bxa5 $1 54. b5 Kf2 55. Bc4 (55. b6 $19 Kxf1 56. b7) 55... f4 $2 (55... e2 $2 56. Bxe2 $1 Kxe2 57. b6 $18) (55... a4 $1 {mates} 56. Kh2 a3 57. Kh3 e2 58. Bxe2 a2 59. Kh4 Kxe2 60. Kg5 a1=Q 61. Kxf5 Qb1+ 62. Ke6 Qxb5 63. Kf7 Qd7+ 64. Kf6 h5 65. Ke5 Kf3 66. Kf6 Kf4 67. Kg6 Qe7 68. Kh6 Kf5 69. Kxh5 Qh7#) 56. b6 {[%emt 0:00:00] Intending b7 and mate.} f3 {[%emt 0:00:00] ( -> ...e2)} (56... e2 $2 {[#]} 57. Bxe2 $1 Kxe2 58. b7 $18) 57. b7 e2 58. b8=Q e1=Q+ 59. Kh2 {[%emt 0:00:00] White wants to mate with Qg3+.} Qg1+ {[%emt 0:00:00][%mdl 1024] Black has strong compensation.} 60. Kh3 {[%emt 0:00:00] Threatening mate with Qb6+.} Qg2+ 61. Kh4 {[%emt 0:00:00] Qa7+ would kill now.} Kg1 $2 ({Black should try} 61... Qh1+ $19 62. Kg4 h5+ 63. Kf5 Qh3+ 64. Ke4 Kg2) 62. Qb1+ $11 {[%emt 0:00:00] The position is equal.} Kh2 {[%emt 0:00:29] ...Qg3+ is the strong threat.} 63. Qb8+ Kh1 {[%emt 0:00:09] Strongly threatening ...Qh2+.} 64. Qb1+ Qg1 (64... Kh2 $5 65. Qb8+ $8 Kg1 66. Qb1+ Kh2 $11) 65. Qe4 Qh2+ 66. Kg4 Qg2+ 67. Kf4 h5 {[%emt 0:04:04] A wild game.  Weighted Error Value: White=0.15 (very precise) /Black=0.72} 1/2-1/2

[Event "39th Muensterland Open 2022"]
[Site "Muenster"]
[Date "2022.10.03"]
[Round "3.8"]
[White "Bungarten, Jona"]
[Black "Kummerow, Heiko"]
[Result "1-0"]
[ECO "C07"]
[WhiteElo "2010"]
[BlackElo "2208"]
[Annotator "TA"]
[PlyCount "51"]
[EventDate "2022.10.01"]
[EventType "swiss"]
[EventCountry "GER"]
[SourceTitle "playchess.com"]
[Source "ChessBase"]
[SourceQuality "1"]
[TimeControl "40/5400+30:1800+30"]

1. e4 e6 2. d4 d5 3. Nd2 c5 4. exd5 Qxd5 5. Ngf3 cxd4 6. Bc4 Qd6 7. O-O Nf6 8. Nb3 Nc6 9. Nbxd4 Nxd4 10. Nxd4 Be7 11. c3 O-O 12. Qf3 Qc7 13. Bb3 Bd7 14. Re1 {[%emt 0:01:53] C07: French Tarrasch: 3...c5, 4 Ngf3 and 4 exd5 Qxd5.} Rfe8 (14... Bd6 $11) 15. Bf4 $14 Qb6 {[%emt 0:00:19] [#]} 16. Rad1 $146 {[%emt 0:00:56] White is slightly better.} ({Predecessor:} 16. Be5 a5 17. a4 Bc6 18. Nxc6 bxc6 19. Bc4 Rad8 20. b3 Nd7 21. Bf4 Nf6 22. Be5 Nd7 23. Bf4 Nf6 24. Be5 {½-½ (24) Kushagra,M (2252)-Zhang,X (2316) Abu Dhabi 2019}) 16... a5 17. Rd2 a4 18. Bc2 a3 {[%emt 0:00:18] [#] aiming for ...e5.} (18... e5 $5 19. Rxe5 Bd6 20. Rxe8+ Rxe8 $14) 19. b3 Rac8 20. Be5 Bc6 (20... Red8 $142) 21. Qf4 $16 {[%emt 0:08:23] And now Re3 would win. White is more active.} Rf8 $2 (21... h6 $16 {is a better chance.} 22. Qg3 (22. Nxc6 Qxc6 23. Qg3 Red8 $14) 22... Red8) 22. Re3 $18 Nh5 (22... Bd5 $142 23. Rg3 g6) 23. Qg4 {[%emt 0:09:29] White threatens Bxh7+ and mate.} Nf6 {[%emt 0:00:44] [#]} 24. Bxh7+ $1 {[%emt 0:03:13][%mdl 512] White mates.} Kxh7 25. Rh3+ Kg8 26. Qh4 {[%emt 0:00:07] Black got outplayed after the opening.  Weighted Error Value: White=0.05 (flawless) /Black=0.87} 1-0

[Event "39th Muensterland Open 2022"]
[Site "Muenster"]
[Date "2022.10.03"]
[Round "3.9"]
[White "Woestmann, Ulrich"]
[Black "Panjer, Sidney"]
[Result "0-1"]
[ECO "C50"]
[WhiteElo "1992"]
[BlackElo "2197"]
[Annotator "TA"]
[PlyCount "162"]
[EventDate "2022.10.01"]
[EventType "swiss"]
[EventCountry "GER"]
[SourceTitle "playchess.com"]
[Source "ChessBase"]
[SourceQuality "1"]
[TimeControl "40/5400+30:1800+30"]

1. e4 e5 2. Nf3 Nc6 3. Bc4 Bc5 4. d3 Nf6 5. Nc3 a6 6. Bg5 h6 {[%emt 0:00:45] C50: Hungarian Defence and Giuoco Pianissimo.} 7. Bxf6 Qxf6 8. Nd5 Qd8 {[%emt 0:00:07] The position is equal.} 9. c3 O-O 10. b4 Ba7 11. O-O d6 12. h3 Kh8 13. Ne3 {[%emt 1:26:31] [#]} Ne7 $146 ({Predecessor:} 13... Be6 14. Bxe6 fxe6 15. Ng4 Qe8 16. a4 Qh5 17. Ne3 Rf4 18. Nh2 Qg6 19. Kh1 Raf8 {0-1 (35) Civric,Z (2215)-Ignjatovic,P (2294) Vrnjacka Banja 2012}) 14. Nh4 Ng6 15. Nhf5 Nf4 16. Kh2 (16. Qg4 g6 17. Qh4 Ne2+ 18. Kh2 Qxh4 19. Nxh4 Nxc3) (16. Qg4 g6 17. Qh4 Ne2+ 18. Kh2 Qxh4 19. Nxh4 Nxc3 $17) 16... g6 17. g3 $1 gxf5 18. gxf4 {[%emt 0:00:00] aiming for Qh5.} fxe4 (18... Qh4 $11 {remains equal.} 19. Ng2 Qf6) 19. Qh5 $16 Qf6 (19... Kh7 $16 {is tougher.}) 20. f5 $2 (20. Nd5 $18 Qg6 21. Qh4 (21. Qxg6 fxg6 22. Nxc7 Rb8 $15)) 20... Qg5 $36 {[%emt 0:07:15][%mdl 2048] Black is more active.} 21. Qxg5 hxg5 22. dxe4 Bxe3 23. fxe3 Kg7 $1 24. Rg1 Kf6 25. Rg4 Rh8 26. Rag1 {[%emt 0:00:00] [#]} Rh5 27. Be2 Bd7 28. R4g3 Rh4 29. Rxg5 Rah8 30. R5g3 Bc6 31. Rf1 Bxe4 32. Bg4 a5 33. a3 (33. a4 $17) 33... Ra8 $19 {[%emt 0:00:29] Hoping for ...axb4.} 34. Ra1 b6 35. Rgg1 Rhh8 36. Kg3 Ra7 {[%emt 0:00:26] Black is more active.} 37. b5 Raa8 38. Ra2 Rag8 39. Rf1 (39. Rd2 $17) 39... Bd3 40. Rd1 Bxb5 41. e4 Bc4 42. Rb2 Rd8 43. Kf2 Rd7 44. Ke3 Rhd8 45. Bf3 d5 46. exd5 Bxd5 $2 ({Black should play} 46... Rh8 $19 47. Rh2 Rh4) 47. Rbd2 $1 $11 Bc6 48. Bxc6 $18 Rxd2 49. Rxd2 {[%emt 0:00:00][%mdl 4096] Endgame KRB-KR} Rh8 50. Bg2 Rg8 51. Kf2 {[%emt 0:00:00] Prevents Rg3.} Kxf5 52. Rd7 f6 53. Rxc7 Rd8 54. Ke3 {[%emt 0:00:00] Inhibits Rd2.} Rd1 55. Be4+ Kg5 56. Rg7+ Kh4 57. Rh7+ Kg3 58. Rh6 Re1+ 59. Kd3 Rd1+ 60. Ke2 Rd6 $2 (60... Ra1 {was necessary.} 61. Rxf6 Rxa3 62. Rf3+ (62. Rxb6 Rxc3 63. Kd2 Ra3 $16) 62... Kh4) 61. Ke3 Re6 (61... Rd1 $142 62. Rxf6 a4 63. Rxb6 Rc1) 62. Rg6+ Kh4 63. Rg8 Rd6 64. Bf5 Rd1 65. Rg4+ Kh5 66. Rg7 Ra1 $2 (66... Re1+ 67. Kd2 Rf1) 67. Ke4 {[%emt 0:03:17] Rh7+ would kill now.} Kh4 68. c4 {[%emt 0:01:01] Threatens to win with Rg4+.} Rxa3 69. Rh7+ Kg3 70. h4 $2 (70. Rh6 $18) 70... Ra1 $2 ({Black should try} 70... Rf3 $1 $14) 71. h5 Re1+ 72. Kd5 Kf4 73. Ke6 $2 (73. Bg6 $18 {and White stays clearly on top.}) 73... e4 $2 (73... Rh1 $16) 74. Kxf6 $2 ({Inferior is} 74. h6 Rh1 $11) (74. Rg7 $18 {has better winning chances.} Kf3 75. Rg4) 74... e3 {[%emt 0:00:28] [#]} (74... Rh1 $16) 75. Re7 $2 (75. Rd7 $1 $18 ) 75... Rh1 $11 76. Bg6 a4 {[%emt 0:00:33] ...a3 is the strong threat.} 77. Kg7 $2 (77. Bf7 $11) 77... a3 $19 {[%emt 0:00:14] Strongly threatening ...a2.} 78. Re4+ Kf3 79. Re7 a2 80. Be4+ Kf4 81. Bxh1 a1=Q+ {[%emt 0:00:01] What a bad dream for White.  Weighted Error Value: White=0.20 (precise) /Black=0.31} 0-1

[Event "39th Muensterland Open 2022"]
[Site "Muenster"]
[Date "2022.10.03"]
[Round "3.10"]
[White "Winterberg, Andreas"]
[Black "Garbuz, Vitaliy"]
[Result "0-1"]
[ECO "B31"]
[WhiteElo "1991"]
[BlackElo "2142"]
[Annotator "TA"]
[PlyCount "180"]
[EventDate "2022.10.01"]
[EventType "swiss"]
[EventCountry "GER"]
[SourceTitle "playchess.com"]
[Source "ChessBase"]
[SourceQuality "1"]
[TimeControl "40/5400+30:1800+30"]

1. e4 c5 2. Nf3 Nc6 3. Bb5 g6 4. Bxc6 dxc6 5. d3 Bg7 6. h3 Qc7 7. Nc3 Nf6 8. Be3 b6 9. Qd2 e5 10. Bh6 O-O 11. O-O Nh5 12. Bxg7 Kxg7 13. Ne2 {[%emt 0:07:39] B31: Sicilian: 2...Nc6 3 Bb5 g6.} Kg8 {[%emt 0:12:19] [#]} 14. Nh2 $146 ({Predecessor:} 14. a3 a5 15. b4 axb4 16. axb4 Rxa1 17. Rxa1 cxb4 18. Qxb4 Be6 19. Ra6 Rb8 20. Qa3 c5 {1-0 (74) Wang,H (2730)-Mamedov,R (2703) St Petersburg 2018}) 14... Be6 15. Qe3 {[%emt 0:12:53] White has an edge.} Rad8 16. b3 Nf4 17. Nxf4 exf4 18. Qf3 f5 (18... Rfe8 $11) 19. exf5 $14 Rxf5 20. c4 {[%emt 0:03:46] Against Bd5} (20. Qe2 $14 Bd5 21. f3) 20... Rf7 21. Ng4 Bxg4 22. hxg4 Re8 23. Rfe1 Rfe7 24. Rxe7 Rxe7 $11 {[%emt 0:00:07][%mdl 4096] Endgame KQR-KQR} 25. Rd1 Qd6 26. Kf1 Qe5 27. Qe4 (27. g5 {keeps more tension.} Kg7 28. Qg4 a5 29. a4) 27... Qf6 (27... Qxe4 28. dxe4 Rxe4 29. Rd7) ({Don't play} 27... Qxe4 28. dxe4 Rxe4 29. Rd7 $14) 28. Qf3 Qb2 $36 {[%emt 0:00:32][%mdl 2048] White is under pressure.} 29. Kg1 Qxa2 30. Qxc6 (30. d4 $11) 30... Qxb3 $15 {[%emt 0:00:23] Active counter play!} 31. Qd5+ Kg7 32. Ra1 (32. Qf3 $17) 32... Qc3 $19 33. Rb1 (33. Rf1 $142) 33... Qf6 ({Black should play} 33... Re1+ $19 34. Rxe1 Qxe1+ 35. Kh2 Qxf2) 34. Qa8 Qe6 35. Ra1 Qxg4 $2 (35... Kh6 $19 36. g5+ Kxg5 37. Rxa7 Qe1+ 38. Kh2 Rxa7 39. Qxa7 Qxf2 40. Qe7+ Kh6) 36. Rxa7 $11 Rxa7 37. Qxa7+ $19 {[%emt 0:00:05] KQ-KQ} Kh6 38. f3 (38. Qxb6 {leads to mate.} f3) 38... Qe6 39. Qb8 Qe1+ 40. Kh2 Qh4+ 41. Kg1 Qf6 42. Qc7 g5 43. Kh2 Qe6 44. Qb7 Kg6 45. g4 $2 (45. Qb8 $11 {and White stays safe.}) 45... fxg3+ $1 46. Kxg3 h5 $1 47. Qb8 Qe1+ 48. Kg2 Qe2+ 49. Kg1 Qe6 {[%emt 0:05:21] Against Qg8+} ({Weaker is} 49... Qxf3 50. Qxb6+ Kf5 51. Qxc5+ Kg4 52. Qf2 Qxd3 53. Qg2+ Kf5 54. Qf2+ Kg6 55. Qb6+ Kh7 56. Qc7+ Kh6 57. Qb6+ Kg7 58. Qb2+ Kg6 59. Qb6+ Kf7 60. Qf2+ Kg6 61. Qb6+ $17) (49... g4 $1 $19 {is more deadly. ...Kf5 is the strong threat.} 50. fxg4 Qxg4+ 51. Kh2 Qh4+ 52. Kg2 Qg5+ 53. Kh3 Kf5) 50. Kf2 $17 h4 {[%emt 0:00:00][%cal Bh5h4,Bh4h3][%mdl 32] White must now prevent ...g4.} 51. Qc7 $2 (51. Qh8 $17 {was worth a try.}) 51... Qf6 {[%emt 0:00:00] Hoping for ...g4.} 52. Kg2 (52. Qb8 $142) 52... h3+ $19 53. Kg3 Qf4+ $1 54. Qxf4 gxf4+ 55. Kxh3 {[%emt 0:02:57] [#] K3P-K3P} Kf5 56. Kh4 Ke5 57. Kg5 Kd4 58. Kxf4 Kxd3 59. Ke5 Kxc4 {[%emt 0:00:00] KPP-KP} 60. f4 {[%emt 0:00:16] [#] Threatening mate with f5.} b5 $2 (60... Kb3 $1 $19 {( -> ...c4)} 61. f5 c4) 61. f5 $11 {[%emt 0:00:28] Intending f6 and mate.} b4 {[%emt 0:00:00] And now ...b3 would win.} 62. f6 b3 {[%emt 0:00:00] aiming for ...b2.} 63. f7 b2 64. f8=Q {[%emt 0:00:11] White threatens Qb8 and mate.} b1=Q {[%emt 0:00:00] Prevents Qb8. KQ-KQ} 65. Qf7+ Kc3 {[%emt 0:00:00] Threatens to win with ...Qb8+.} 66. Qd5 $2 (66. Qf2 $1 $11) 66... Qb8+ $19 67. Kf5 Qf8+ 68. Ke4 Qe7+ 69. Kf3 $2 (69. Kf5) 69... Qf6+ (69... c4 $142 70. Qc6 Qh7) 70. Ke2 (70. Kg3 $142 c4 71. Qc5) 70... Qd4 71. Qf3+ Kc2 72. Qf5+ Kb2 73. Qc8 c4 74. Qb7+ Kc2 75. Qa6 Qd3+ 76. Ke1 Qd1+ 77. Kf2 Qd2+ 78. Kf3 Qd3+ 79. Kf2 Qb3 80. Ke2 Kb2 (80... Kb1 $142 81. Qe6 Qb2+ 82. Kf3 c3 83. Qe4+ c2 84. Ke2 Qc3 85. Kf2 Kb2 86. Qb7+ Qb3 87. Qg7+ Ka2 88. Qg5 Qb6+ 89. Ke2 Kb1 90. Qf5 Qc6 91. Kf2 Ka2 92. Qf7+ Kb2 93. Qg7+ Kb1 94. Qh7 Qd5 95. Kg3 Kb2 96. Qg7+ Kb3 97. Qc7 Kb2 98. Qg7+ Kb3 99. Qh6 Qe5+ 100. Kg2 Qe2+ 101. Kg3 Qe5+ 102. Kg2 Qe2+ 103. Kh3 Qf1+ 104. Kg4 Qg1+ 105. Kf5 Qc5+ 106. Kg4 c1=Q 107. Qxc1 Qxc1 108. Kf5 Qh6 109. Ke4 Qg5 110. Kf3 Kb4 111. Ke2 Qf5 112. Kd2 Qe4 113. Kc1 Kc3 114. Kd1 Qe8 115. Kc1 Qe1#) 81. Qf6+ c3 82. Qd4 Ka1 83. Kd3 Kb2 84. Ke2 $1 {[%emt 0:00:42] Inhibits Qd1+.} Qc2+ (84... Ka2 $142 85. Qa7+ Qa3 86. Qf7+ Kb1 87. Qh5 c2 88. Qh7 Qb4 89. Qf5 Qc4+ 90. Kf2 Qc6 91. Qh7 Qd5 92. Kg3 Kb2 93. Qg7+ Kb3 94. Qh6 Qe5+ 95. Kf3 Qc3+ 96. Ke4 c1=Q 97. Qe6+ Qc4+ 98. Qxc4+ Kxc4 99. Kf3 Kd4 100. Kg3 Qg5+ 101. Kf3 Kd3 102. Kf2 Qg4 103. Kf1 Ke3 104. Ke1 Qg1#) 85. Ke1 Kc1 86. Qb4 Qb2 87. Qc5 Qd2+ (87... c2 $142 88. Qe3+ Kb1 89. Qe4 Qc3+ 90. Kf2 Kb2 91. Qb7+ Qb3 92. Qg7+ Ka2 93. Qg5 Qb6+ 94. Ke2 Kb1 95. Qf5 Qc6 96. Kd2 Qh6+ 97. Ke1 Qc6 98. Kd2 Qg2+ 99. Ke1 Qh1+ 100. Kd2 Qg2+ 101. Ke1 Qh1+ 102. Ke2 Qc6 103. Kf2 Kb2 104. Qe5+ Ka2 105. Qe2 Qc5+ 106. Kg3 Kb3 107. Qe6+ Kb4 108. Qe4+ Qc4 109. Qe7+ Kb3 110. Qb7+ Kc3 111. Qh1 Kb2 112. Qh8+ Qc3+ 113. Qxc3+ Kxc3 114. Kh4 c1=Q 115. Kg4 Kd4 116. Kf5 Qh6 117. Kg4 Qf6 118. Kh5 Qg7 119. Kh4 Ke3 120. Kh3 Kf3 121. Kh4 Qh6#) 88. Kf1 Qd3+ 89. Ke1 c2 90. Qb4 Qd1+ {[%emt 0:00:10] Weighted Error Value: White=0.36/Black=0.26 (precise)} 0-1